 Dungeon Crawl Stone Soup version 0.31-a0-881-ge136f0c47a (webtiles) character file.

Game seed: 8633739686822167819

214 tilp the Sneak (level 5, -13/38 HPs)
             Began as a Vampire Enchanter on Oct 16, 2023.
             Killed by divine providence
             ... invoked by an orc priest
              (15 damage)
             ... on level 3 of the Dungeon.
             The game lasted 00:03:11 (2195 turns).

tilp the Sneak (Vampire Enchanter)                  Turns: 2195, Time: 00:03:12

Health: -13/38     AC:  3    Str:  7    XL:     5   Next: 59%
Magic:  2/9        EV: 13    Int: 20    God:
Gold:   106        SH:  0    Dex: 14    Spells: 2/10 levels left

rFire   . . .        a - +2 dagger (drain)
rCold   . . .        (no shield)
rNeg    . . .        i - +0 robe
rPois   .            (no helmet)
rElec   .            m - +0 cloak
rCorr   .            (no gloves)
SInv    +            (no boots)
Will    .....        (no amulet)
Stlth   +++          (no ring)
HPRegen 0.46/turn    (no ring)
MPRegen 0.11/turn

%: no passive effects
@: very slightly contaminated, healing quickly
A: alive, fangs 3, see invisible, vampiric 2
a: Exsanguinate


You were on level 3 of the Dungeon.
You visited 1 branch of the dungeon, and saw 3 of its levels.

You collected 106 gold pieces.

Inventory:

Hand Weapons
 a - a +2 dagger of draining (weapon)
 b - a +1 dagger
Missiles
 e - 9 boomerangs (quivered)
Armour
 i - a +0 robe (worn)
 m - a +0 cloak (worn)
Jewellery
 h - a ring of fire
Scrolls
 k - a scroll of identify {unknown}
Potions
 c - 2 potions of invisibility
 d - 2 potions of might {unknown}
 f - a potion of magic {unknown}
 g - a potion of curing {unknown}
 j - a potion of brilliance {unknown}


   Skills:
 * Level 2.0 Fighting
 * Level 2.8 Short Blades
 + Level 3.1 Dodging
 + Level 5.3 Stealth
 * Level 3.1 Spellcasting
 + Level 5.1 Hexes


You had 2 spell levels left.
You knew the following spells:

 Your Spells              Type           Power      Damage    Failure   Level
a - Ensorcelled Hibernat  Hex/Ice        26%        N/A       8%          2
b - Confusing Touch       Hex            23%        N/A       5%          3
c - Tukima's Dance        Hex            23%        N/A       5%          3

Your spell library contained the following spells:

 Spells                   Type           Power      Damage    Failure   Level
 Shock                    Conj/Air       12%        1d3       14%         1
 Lesser Beckoning         Tloc           6%         N/A       22%         2
 Dazzling Flash           Conj/Hex       26%        N/A       14%         3
 Gell's Gravitas          Tloc           3%         N/A       38%         3
 Swiftness                Air            3%         N/A       38%         3
 Teleport Other           Tloc           3%         N/A       38%         3
 Airstrike                Air            1%         2d(1-17)  80%         4


Dungeon Overview and Level Annotations

Branches:
Dungeon (3/15)

Altars:
Ashenzari
Yredelemnul


Innate Abilities, Weirdness & Mutations

Your natural rate of healing is accelerated.
You have razor-sharp teeth.
You have supernaturally acute eyesight. (SInv)
You are afflicted with vampirism and can become a bat while bloodless.


Message History

Aiming: Ensorcelled Hibernation (safe; 8% risk of failure)
Press: ? - help, Shift-Dir - straight line, f/p - orc
Aim: an orc, wielding a +2 dagger of venom (almost dead, chance to affect: 64%)
The orc looks drowsy...
You feel sick.
Unknown command.
The helpless orc fails to defend itself.
You impale the orc!!
You kill the orc!
You feel sick.
Unknown command.
Casting: Ensorcelled Hibernation (safe; 8% risk of failure)
Confirm with . or Enter, or press ? or * to list all spells.
Aiming: Ensorcelled Hibernation (safe; 8% risk of failure)
Press: ? - help, Shift-Dir - straight line, f - orc
Aim: an orc, wielding a +0 war axe (chance to affect: 64%)
You miscast Ensorcelled Hibernation.
You are very lightly contaminated with residual magic.
Nothing appears to happen.
You feel sick. The orc misses you.
Unknown command.
You hit the orc. You bite the orc.
The orc is almost dead.
You feel sick. The orc hits you with a +0 war axe!
* * * LOW HITPOINT WARNING * * *
Casting: Ensorcelled Hibernation (safe; 8% risk of failure)
Confirm with . or Enter, or press ? or * to list all spells.
Aiming: Ensorcelled Hibernation (safe; 8% risk of failure)
Press: ? - help, Shift-Dir - straight line, f/p - orc
Aim: an orc, wielding a +0 war axe (almost dead, chance to affect: 64%)
The orc looks drowsy...
You feel sick.
Unknown command.
The helpless orc fails to defend itself.
You impale the orc!!
You kill the orc!
You feel sick.
Unknown command.
You barely miss the orc priest.
You feel sick.
You are no longer poisoned.
The orc priest mumbles some strange prayers to Beogh against you.
Beogh smites you!
You die...

#...# #..# ... #.. #...#
#... ... #.# #...###..#
.... #.# #....###..
....##$#### ### #.##..###.
...$......# .. #.###.#...
#......o..# #.## #.# #...##
.....†.#..# #..# #.# #..##
.≈≈.≈≈..#?######@#
#.###..###
..≈.≈.....oo..##o#
##.........
≈.....≈.?..##....###
#...##.####
≈≈...≈≈.....####...#
#..###.# ..._...[###..#
##..####..#...# ≈≈...≈≈..
#..# ##.......#.###
≈.....≈.. #..# ##........#
..≈.≈....#####.# #.......##
.≈≈.≈≈......##..###..#....#


You could see an orc priest.

Vanquished Creatures
  A black bear (D:2)
  Crazy Yiuf (D:2)
  Terence (D:2)
  2 adders (D:2)
  3 orcs (D:3)
  2 ball pythons (D:3)
  10 endoplasms
  A giant cockroach (D:2)
  4 hobgoblins
  5 kobolds
  A quokka (D:3)
  5 bats
  2 frilled lizards (D:2)
  7 goblins
  3 rats
48 creatures vanquished.

Notes
Turn   | Place    | Note
-------+----------+-------------------------------------------
     0 | D:1      | tilp the Vampire Enchanter began the quest for the Orb.
     0 | D:1      | Reached XP level 1. HP: 13/13 MP: 3/3
   245 | D:1      | Reached XP level 2. HP: 14/20 MP: 5/5
   617 | D:1      | Found a faded altar of an unknown god.
   970 | D:2      | Learned a level 2 spell: Ensorcelled Hibernation
   982 | D:2      | Reached skill level 1 in Fighting
   982 | D:2      | Gained mutation: You are afflicted with vampirism and can
                  | become a bat while bloodless. [Vampire growth]
   982 | D:2      | Reached XP level 3. HP: 23/24 MP: 3/6
   986 | D:2      | Learned a level 3 spell: Confusing Touch
  1109 | D:2      | Noticed Terence
  1117 | D:2      | Killed Terence
  1231 | D:2      | Noticed a black bear
  1305 | D:2      | You fall into a shaft and drop 1 floor!
  1318 | D:3      | Reached XP level 4. HP: 32/32 MP: 4/7
  1326 | D:3      | Learned a level 3 spell: Tukima's Dance
  1393 | D:2      | Killed a black bear
  1394 | D:2      | Reached skill level 5 in Stealth
  1394 | D:2      | Reached skill level 5 in Hexes
  1394 | D:2      | Reached XP level 5. HP: 38/38 MP: 5/9
  1578 | D:2      | Found a runed translucent door.
  1579 | D:2      | Noticed Crazy Yiuf
  1807 | D:2      | Killed Crazy Yiuf
  2125 | D:3      | Found a broken altar of Ashenzari.
  2165 | D:3      | Found a basalt altar of Yredelemnul.
  2195 | D:3      | Killed from afar by an orc priest

Illustrated notes

Levels and vault maps discovered:
D:1:      dpeg_arrival_rooms_a, layout_basic, ebering_ecumenical_altar_mist
D:2:      layout_basic, uniq_crazy_yiuf_cottage, uniq_terence
D:3:      layout_rooms, mainiacjoe_overflow_small_starburst,
          general_overflow_altar, nicolae_dithmenos_through_a_glass_darkly

Skill      XL: |  1  2  3  4  5 |
---------------+----------------+-----
Fighting       | 1 2 |  2.0
Short Blades   | 2 |  2.8
Stealth        | 5 |  5.3
Hexes          | 5 |  5.1
Spellcasting   | 3 |  3.1
Dodging        | 3 |  3.1

Action                     |  1- 3 |  4- 6 || total
---------------------------+-------+-------++-------
  Melee: Dagger            |    68 |    27 ||    95
         Bite              |     3 |     1 ||     4
   Cast: Ensorcelled Hiber |     7 |     7 ||    14
    Use: Scroll            |       |     2 ||     2
   Stab: Sleeping          |    13 |    13 ||    26
 Armour: Robe              |    25 |    11 ||    36
  Dodge: Dodged            |    37 |    18 ||    55

Table legend: (Time is in decaauts)
 A = Elapsed time spent in this place.
 B = Non-inter-level travel time spent in this place.
 C = Inter-level travel time spent in this place.
 D = Time resting spent in this place.
 E = Time spent auto-exploring this place.
 F = Levels seen in this place.
 G = Mean time per level.
                   A        B        C        D        E       F      G
               +--------+--------+--------+--------+--------+-----+--------+
         Total |   2186 |   2108 |     78 |    130 |   1563 |   3 |  728.7 |
       Dungeon |   2186 |   2108 |     78 |    130 |   1563 |   3 |  728.7 |
               +--------+--------+--------+--------+--------+-----+--------+

Top non-repeatable levels by time:
     D:2: 952 daAuts
     D:1: 864 daAuts
     D:3: 369 daAuts
